 Dungeon Crawl Stone Soup version 0.27.1-2-g3b301248ec (webtiles) character file.

Game seed: 1119155537347097351

41 pkoi the Chopper (level 3, -5/30 HPs)
             Began as a Minotaur Gladiator on Sept 22, 2021.
             Killed from afar by an orc wizard (8 damage)
             ... with a puff of flame
             ... on level 3 of the Dungeon.
             The game lasted 00:01:38 (1738 turns).

pkoi the Chopper (Minotaur Gladiator)               Turns: 1738, Time: 00:01:39

Health: -5/30      AC:  5    Str: 19    XL:     3   Next: 32%
Magic:  2/2        EV: 12    Int:  5    God:
Gold:   62         SH:  0    Dex: 11    Spells: 2/2 levels left

rFire    . . .     SeeInvis .   a - +0 war axe
rCold    . . .     Faith    .   (no shield)
rNeg     . . .     Spirit   .   b - +0 leather armour
rPois    .         Reflect  .   c - +0 hat
rElec    .         Harm     .   k - +1 cloak {Stlth+}
rCorr    .         Rampage  .   (no gloves)
Will     .....                  (no boots)
Stlth    ++........             (no amulet)
HPRegen  0.10/turn              (no ring)
MPRegen  0.08/turn              (no ring)

@: confused
A: horns 2, retaliatory headbutt
a: no special abilities


You were on level 3 of the Dungeon.
You visited 1 branch of the dungeon, and saw 3 of its levels.

You collected 62 gold pieces.

Inventory:

Hand Weapons
 a - a +0 war axe (weapon)
Missiles
 d - 4 throwing nets (quivered)
Armour
 b - a +0 leather armour (worn)
 c - a +0 hat (worn)
 k - a +1 cloak of stealth (worn)
Scrolls
 e - a scroll of identify {unknown}
 h - a scroll of magic mapping {unknown}
 i - a scroll of teleportation {unknown}
 j - a scroll of enchant weapon {unknown}
Potions
 f - 4 potions of curing {unknown}
 g - a potion of lignification {unknown}


   Skills:
 - Level 2.4 Fighting
 + Level 5.4 Axes
 - Level 2.0 Throwing
 - Level 3.2 Dodging


You had 2 spell levels left.
You didn't know any spells.
Your spell library contained the following spells:

 Spells                   Type           Power      Damage    Failure   Level
 Slow                     Hex            0%         N/A       67%         2
 Confusing Touch          Hex            0%         N/A       88%         3
 Gell's Gravitas          Tloc           0%         N/A       88%         3
 Lesser Beckoning         Tloc           0%         N/A       88%         3
 Teleport Other           Tloc           0%         N/A       88%         3
 Yara's Violent Unravell  Hex/Tmut       0%         3d3       100%        5
 Chain Lightning          Conj/Air       0%         N/A       100%        9
 Fire Storm               Conj/Fire      0%         5d1       100%        9


Dungeon Overview and Level Annotations

Branches:
Dungeon (3/15)

Altars:


Innate Abilities, Weirdness & Mutations

You have a pair of horns on your head.
You reflexively headbutt those who attack you in melee.


Message History

The orc wizard hits you with a +0 dagger.
The orc hits you but does no damage.
The orc wizard hits you but does no damage.
You closely miss the orc wizard. You hit the orc. The orc barely misses you.
The orc wizard gestures at you while chanting.
You are more confused.
The orc hits you with a +0 short sword.
The orc wizard hits you with a +0 dagger.
Unknown command.
You're too confused to move!
The orc misses you. The orc hits you with a +0 short sword.
The orc wizard closely misses you.
Unknown command.
You're too confused to move!
The orc hits you with a +0 falchion.
* * * LOW HITPOINT WARNING * * *
The orc closely misses you.
The orc wizard points at you and mumbles some strange words.
You resist with significant effort.
You bump into the rock wall.
The orc closely misses you. The orc hits you with a +0 short sword.
* * * LOW HITPOINT WARNING * * *
The orc wizard hits you but does no damage.
Unknown command.
You miss the orc wizard. You barely miss the orc.
You hit the orc but do no damage. The orc closely misses you.
The orc misses you.
The orc wizard points at you and mumbles some strange words.
You are more confused.
Unknown command.
You hit the orc but do no damage. Your headbutt misses the orc.
You closely miss the orc wizard. You closely miss the orc.
The orc hits you but does no damage. The orc hits you with a +0 short sword.
* * * LOW HITPOINT WARNING * * *
The orc wizard hits you but does no damage.
The orc hits you with a +0 falchion.
* * * LOW HITPOINT WARNING * * *
The orc hits you but does no damage.
You miss the orc wizard. You hit the orc but do no damage. You hit the orc.
The orc wizard gestures at you while chanting.
The puff of flame hits you!
You die...

....... #.#.######.# #.#
....... #.#........# #.#
....... #.#.#.########.#
....... #.#.#........#.##
....... #.#.............#
≈≈≈≈≈≈o####....)<#####.####
≈≈≈≈≈≈o≈≈≈#...............#
≈≈≈≈≈≈≈≈≈≈≈≈...oo.....#####
≈≈≈≈≈≈≈≈≈≈≈≈≈≈.o@........#
≈≈...≈≈≈≈≈≈≈≈≈.######.##.#
###..###≈≈≈≈≈≈.# #.##.# #..
###≈≈≈≈.# #.##.# ...
#....<# #.##.# #.. #.###...
..##.# #.# #### ####.# #.#
#######.#


You could see an orc wizard and 2 orcs.

Vanquished Creatures
  A dart slug (D:1)
  An orc (D:3)
  6 endoplasms
  2 giant cockroaches
  A goblin (D:2)
  3 hobgoblins
  2 jackals (D:1)
  2 quokkas
  4 ball pythons
  2 bats
  2 frilled lizards (D:1)
  4 kobolds (D:1)
  4 rats (D:1)
34 creatures vanquished.

Vanquished Creatures (others)
  4 plants (D:3)
4 creatures vanquished.

Grand Total: 38 creatures vanquished

Notes
Turn   | Place    | Note
-------+----------+-------------------------------------------
     0 | D:1      | pkoi the Minotaur Gladiator began the quest for the Orb.
     0 | D:1      | Reached XP level 1. HP: 18/18 MP: 0/0
   245 | D:1      | Reached skill level 4 in Axes
   257 | D:1      | Found a faded altar of an unknown god.
   264 | D:1      | Reached XP level 2. HP: 24/25 MP: 1/1
   815 | D:1      | Reached skill level 5 in Axes
  1211 | D:2      | Reached XP level 3. HP: 25/30 MP: 2/2
  1738 | D:3      | Killed from afar by an orc wizard

Illustrated notes

Levels and vault maps discovered:
D:1:      lightli_arrival_farm, layout_basic, basic_ecumenical_altar,
          serial_bayou_pond_d, minivault_25
D:2:      layout_rooms, st_stairs_7
D:3:      wander_river, layout_basic, grunt_decor_arrowhead, serial_bayou_ford_a

Skill      XL: |  1  2 |
---------------+-------+-----
Axes           | 4 5 |  5.4
Fighting       | |  2.4
Throwing       | |  2.0
Dodging        | |  3.2

Action                   || total
-------------------------++-------
Melee: War axe           ||    59
       Headbutt          ||     8
 Stab: Sleeping          ||     2
Armor: Leather armour    ||    25
Dodge: Dodged            ||    42
